 Dungeon Crawl Stone Soup version 0.13.0-5-g7e31f0a (webtiles) character file.

1659 HungrySpirit the Cleaver (level 8, -1/63 HPs)
             Began as a Minotaur Gladiator on Oct 14, 2013.
             Was an Initiate of Trog.
             Slain by a scorpion (7 damage)
             ... on Level 6 of the Dungeon.
             The game lasted 00:13:17 (6741 turns).

HungrySpirit the Cleaver (Minotaur Gladiator)       Turns: 6741, Time: 00:13:17

HP  -1/63        AC 11     Str 21      XL: 8   Next: 45%
MP   2/2         EV  5     Int  5      God: Trog [......]
Gold 229         SH  0     Dex 16      Spells:  0 memorised,  7 levels left

Res.Fire  : . . .   See Invis. : .   y - +4 dwarf war axe
Res.Cold  : . . .   Warding    : +   C - +0 plate armour
Life Prot.: + . .   Conserve   : .   (no shield)
Res.Poison: .       Res.Corr.  : .   c - +0 cap
Res.Elec. : .       Clarity    : .   (no cloak)
Sust.Abil.: . .     Spirit.Shd : .   (no gloves)
Res.Mut.  : .       Stasis     : .   (no boots)
Res.Rott. : .       Flight     : .   s - amulet of warding
Saprovore : . . .                    (no ring)
                                     q - +2 ring of dexterity

@: slightly resistant to hostile enchantments, extremely unstealthy
A: retaliatory headbutt, horns 2, Dex +2
a: Burn Spellbooks, Renounce Religion


You were on level 6 of the Dungeon.
You worshipped Trog.
Trog was noncommittal.
You were not hungry.

You visited 2 branches of the dungeon, and saw 7 of its levels.

You collected 209 gold pieces.

Inventory:

Hand weapons
 a - a +0,+0 hand axe {=f}
 y - a +4,+4 dwarven war axe (weapon)
 D - a +0,+0 battleaxe
Missiles
 d - 3 throwing nets (quivered)
Armour
 c - a +0 cap (worn)
 C - a +0 plate armour (worn)
Magical devices
 B - a wand of flame (12)
Comestibles
 f - 3 bread rations
 h - 7 grapes
 i - 3 apples
 m - 2 pears
 p - 3 chunks of centaur flesh
 z - 3 meat rations
 A - 3 cheeses
Scrolls
 e - 2 scrolls of remove curse {unknown}
 g - a scroll of immolation {unknown}
 j - a scroll of enchant weapon II
 l - a scroll of amnesia {unknown}
Jewellery
 n - an uncursed amulet of faith
 q - a +2 ring of dexterity (left hand)
 s - an amulet of warding (around neck)
Potions
 b - 3 potions of restore abilities
 k - a potion of heal wounds
 o - a potion of speed
 w - a potion of curing


   Skills:
 - Level 2.4 Fighting
 * Level 12.1 Axes
 - Level 2.0 Throwing
 - Level 3.6 Armour
 - Level 3.2 Dodging


You had 7 spell levels left.
You didn't know any spells.

Dungeon Overview and Level Annotations

Branches:
Dungeon (6/27)             Temple (1/1) D:6
    Orc: D:6-11

Altars:
Cheibriados
Kikubaaqudgha
Makhleb
Nemelex Xobeh
Sif Muna
Trog
Xom
Zin
the Shining One

Shops:
D:5 (((

Annotations:
D:2 2 exclusions


Innate Abilities, Weirdness & Mutations

You reflexively headbutt those who attack you in melee.
You have a pair of horns on your head.
You are agile. (Dex +2)


Message History

The scorpion is heavily wounded.
You slash the hobgoblin!
You kill the hobgoblin!
Trog accepts your kill. The scorpion stings you.
Your plate armour prevents you from hitting the scorpion.
The scorpion is heavily wounded.
Your plate armour prevents you from hitting the ogre.
The ogre is moderately wounded.
The ogre hits you with a giant club!
The scorpion stings you but does no damage.
Unknown command.
You closely miss the scorpion.
The scorpion is heavily wounded.
Your plate armour prevents you from hitting the ogre.
The ogre is moderately wounded.
The ogre hits you with a giant club!
* * * LOW HITPOINT WARNING * * *
The scorpion stings you!
You die...

#...♣.♣..#####.######....#.######
#.#..>..## #.# #....#.# ..#.♣.♣.#
#.# #....#.##### ..#.....# #.#
#######.#.....# ..##..########.#
.....##.#####.#
...............##.....##.# #.#
...#############......##.# #.#
................).....##.# #.#
...#############@.....##.# #.#
...# #Os....##.# #.# ..##
#...#####.# #.# #.# #.### #.# #.#
#.##### #o# #.# #.# ......#
#o#######.# #.# ......#
#.#.......# #.# ......#
#.#.###########.# ......#
#.#.#...........#


You could see an orc warrior, an ogre, a scorpion and an orc.

Vanquished Creatures
  Prince Ribbit (D:5)
  A sky beast (D:5)
  An ice beast (D:5)
  2 centaurs
  A giant frog (D:6)
  A crimson imp (D:6)
  A scorpion (D:4)
  4 hounds
  2 orc priests
  4 iguanas
  3 orc wizards
  2 worker ants
  Ijyb (D:5)
  An ogre skeleton (D:6)
  5 adders
  3 gnolls (D:6)
  A giant mite (D:5)
  4 green rats (D:5)
  3 worms
  An iguana zombie (D:5)
  An adder skeleton (D:4)
  3 grey rats (D:5)
  A giant eyeball (D:5)
  7 giant geckos
  3 oozes
  14 orcs
  3 ball pythons
  8 bats
  6 giant cockroaches
  15 hobgoblins
  8 kobolds
  3 quokkas
  3 giant newts
  13 goblins
  13 jackals
  An orc zombie (D:5)
  37 rats
181 creatures vanquished.

Notes
Turn   | Place    | Note
--------------------------------------------------------------
     0 | D:1      | HungrySpirit, the Minotaur Gladiator, began the quest for the Orb.
     0 | D:1      | Reached XP level 1. HP: 18/18 MP: 0/0
    26 | D:1      | Reached skill level 4 in Axes
   248 | D:1      | Reached XP level 2. HP: 25/25 MP: 0/0
   488 | D:1      | Reached skill level 5 in Axes
   790 | D:1      | Reached XP level 3. HP: 30/30 MP: 1/1
  1905 | D:2      | Reached XP level 4. HP: 38/38 MP: 1/1
  1926 | D:2      | Reached skill level 6 in Axes
  2844 | D:3      | Reached skill level 1 in Armour
  2954 | D:4      | Reached XP level 5. HP: 34/44 MP: 1/1
  3228 | D:4      | Reached skill level 7 in Axes
  3481 | D:4      | Reached XP level 6. HP: 40/50 MP: 2/2
  3502 | D:4      | Found a glowing golden altar of the Shining One.
  3774 | D:5      | Entered Level 5 of the Dungeon
  3798 | D:5      | Found Eneud's Antique Weapon Shop.
  3819 | D:5      | Found Asir's Antique Weapon Emporium.
  3859 | D:5      | Reached skill level 8 in Axes
  3883 | D:5      | Noticed Prince Ribbit
  4399 | D:4      | Gained mutation: You are agile. (Dex +2) [potion of beneficial mutation]
  4602 | D:5      | Killed Prince Ribbit
  4602 | D:5      | Reached skill level 9 in Axes
  4602 | D:5      | Reached XP level 7. HP: 39/57 MP: 2/2
  4648 | D:5      | Paralysed by a giant eyeball for 2 turns
  4654 | D:5      | Paralysed by a giant eyeball for 2 turns
  4705 | D:5      | Reached skill level 10 in Axes
  4706 | D:5      | Noticed Ijyb
  4711 | D:5      | Killed Ijyb
  4900 | D:5      | Found Qobiyfro's Weapon Shoppe.
  4915 | D:5      | Reached XP level 8. HP: 14/63 MP: 2/2
  5465 | D:5      | Reached skill level 11 in Axes
  5728 | D:6      | Found a staircase to the Ecumenical Temple.
  5740 | Temple   | Entered the Ecumenical Temple
  5786 | Temple   | Became a worshipper of Trog the Wrathful
  6708 | D:6      | Reached skill level 12 in Axes
  6741 | D:6      | Slain by a scorpion

Action                   |  1- 3 |  4- 6 |  7- 9 || total
-------------------------+-------+-------+-------++-------
Melee: Hand axe          |    96 |    23 |       ||   119
       War axe           |       |   131 |   146 ||   277
       Battleaxe         |       |     5 |       ||     5
Evoke: Wand              |       |     1 |       ||     1
  Use: Scroll            |       |    13 |     2 ||    15
       Potion            |       |     6 |       ||     6
